 Dungeon Crawl Stone Soup version 0.18-a0-1702-gd20c6a5 (webtiles) character file.

47 Nattravnen the Grave Robber (level 3, -2/25 HPs)
             Began as a Mummy Necromancer on Apr 7, 2016.
             Slain by an orc
             ... wielding a +0 hand axe
              (4 damage)
             ... on level 3 of the Dungeon.
             The game lasted 00:22:53 (2469 turns).

Nattravnen the Grave Robber (Mummy Necromancer)     Turns: 2469, Time: 00:22:53

Health: -2/25      AC:  3    Str: 11    XL:     3   Next: 48%
Magic:  6/6        EV: 12    Int: 15    God:
Gold:   109        SH:  0    Dex: 12    Spells: 2 memorised, 5 levels left

rFire  x . .     SeeInvis .     f - -1 dagger (curse)
rCold  + . .     Gourm    .     a - +1 robe
rNeg   + + +     Faith    .     (no shield)
rPois  ∞         Spirit   .     (no helmet)
rElec  .         Dismiss  .     (no cloak)
rCorr  .         Reflect  .     (no gloves)
SustAt .         Harm     .     (no boots)
MR     .....                    l - amulet of rage
Stlth  ++........               (no ring)
                                (no ring)

@: not resistant to hostile enchantments, unstealthy
A: no food or potions, fire vulnerability, cold resistance 1, negative energy
resistance 3, torment resistance, unbreathing
a: no special abilities


You were on level 3 of the Dungeon.
You were not hungry.

You visited 1 branch of the dungeon, and saw 3 of its levels.

You collected 109 gold pieces.

Inventory:

Hand Weapons
 e - a +0 dagger
 f - a cursed -1 dagger (weapon)
 m - a +3 short sword
Missiles
 n - a throwing net (quivered)
Armour
 a - a +1 robe (worn)
 d - a +0 leather armour
 j - a +0 robe
Jewellery
 l - an amulet of rage (around neck)
Scrolls
 g - a scroll of identify
 o - 2 scrolls of immolation
Potions
 c - 3 potions of ambrosia {unknown}
 i - a potion of flight {unknown}
 k - a potion of mutation {unknown}
Books
 b - a book of Necromancy

   Spells                             Type                      Level
   a - Pain                           Necromancy                   1
   b - Animate Skeleton               Necromancy                   1
   c - Vampiric Draining              Necromancy                   3
   d - Regeneration                   Charms/Necromancy            3
   e - Animate Dead                   Necromancy                   4
   f - Control Undead                 Necromancy                   4


   Skills:
 + Level 0.4 Fighting
 + Level 1.9 Dodging
 + Level 1.7 Stealth
 + Level 2.6 Spellcasting
 + Level 4.5 Necromancy


You had 5 spell levels left.
You knew the following spells:

 Your Spells              Type           Power        Failure   Level  Hunger
a - Pain                  Necr           ###.         3%          1    N/A
b - Animate Skeleton      Necr           N/A          3%          1    N/A

Dungeon Overview and Level Annotations

Branches:
Dungeon (3/15)

Altars:
Qazlal
The Shining One


Innate Abilities, Weirdness & Mutations

You do not eat or drink.
Your flesh is vulnerable to fire.
You are immune to poison.
Your flesh is cold resistant.
You are immune to negative energy.
You are immune to unholy pain and torment.
You can survive without breathing.


Message History

An orc comes into view. It is wielding a mace.
The orc shouts! 2 orc wizards come into view.
The orc shouts!
The orc wizard shouts! x2
The orc wizard moves out of view.
The orc wizard gestures wildly while chanting.
The orc wizard blinks!
You swap places.
An orc comes into view.
The orc wizard mumbles some strange words.
The orc wizard flickers and vanishes!
Deactivating autopickup; reactivate with Ctrl-A.
The orc shouts!
The orc barely misses your rat skeleton.
A puff of flame appears from out of thin air!
The puff of flame hits you! The fire burns you terribly!
* * * LOW HITPOINT WARNING * * *
The orc barely misses you.
You hit the orc but do no damage. The orc hits you with a hand axe.
You die...

##.###### ##...## #.# .
#...!...# #.(.# #.#
#.#.###.# #...# #.# #
#.##.# #...# #.# #.#
##.#.### #...# #..
#.###......# #...#
#..#...#.#.###...######
#.............)........
#..#.....oZ@o..†...>...
#..#.#...!.............
#..#(#.o.#.###...######
#..ooo.....# #...#
#....?.##.##.#### #...#
#.........##.# #...#
#.o#.#.#####.# #...# ..
#... ..# #...# # ###.
###


You could see an orc wizard, 4 orcs and a friendly rat skeleton.

Vanquished Creatures
  2 giant geckos (D:2)
  An orc (D:3)
  4 bats
  3 giant cockroaches
  2 goblins
  5 hobgoblins
  5 jackals
  9 kobolds
  A quokka (D:2)
  2 giant newts (D:1)
  4 rats
38 creatures vanquished.

Vanquished Creatures (collateral kills)
  A giant cockroach (D:2)
  A jackal (D:1)
  A bat (D:1)
3 creatures vanquished.

Vanquished Creatures (others)
  A plant (D:2)
1 creature vanquished.

Grand Total: 42 creatures vanquished

Notes
Turn   | Place    | Note
--------------------------------------------------------------
     0 | D:1      | Nattravnen the Mummy Necromancer began the quest for the Orb.
     0 | D:1      | Reached XP level 1. HP: 13/13 MP: 3/3
   187 | D:1      | Reached XP level 2. HP: 7/19 MP: 3/5
   227 | D:1      | Learned a level 1 spell: Animate Skeleton
  1441 | D:2      | Reached XP level 3. HP: 15/25 MP: 1/6
  2053 | D:2      | Found a stormy altar of Qazlal.
  2069 | D:2      | Found a glowing golden altar of the Shining One.
  2469 | D:3      | Slain by an orc

Vault maps used:
D:1:      lightli_arrival_statue_moat
D:2:      amethyst_overflow_temple_binary, first_bread, lexackson_kobold_supper
D:3:      roderic_bali_sauvastika, tso_altar

Action                   || total
-------------------------++-------
Melee: Unarmed           ||     3
       Dagger            ||    24
 Cast: Pain              ||    65
       Animate Skeleton  ||    10
  Use: Scroll            ||     6
